 Dungeon Sprint DCSS version 0.28-a0-872-g80cf8599ee (webtiles) character file.

Game seed: 15158464987622527051

18819 mhtbhm the Bludgeoner (level 12, -24/192 HPs)
             Began as a Minotaur Fighter on Nov 20, 2021.
             Was the Champion of Okawaru.
             Killed from afar by an ice dragon (47 damage)
             ... with a blast of cold
             ... in the Dungeon (Sprint IX: "|||||||||||||||||||||||||||||").
             The game lasted 00:05:12 (2681 turns).

mhtbhm the Bludgeoner (Minotaur Fighter)            Turns: 2681, Time: 00:05:13

Health: -24/192    AC: 19    Str: 31    XL:     12   Next: 31%
Magic:  19/19      EV: 19    Int:  5    God:    Okawaru [******]
Gold:   254        SH: 13    Dex: 18    Spells: 11/11 levels left

rFire   . . .      SeeInvis .   a - +4 morningstar "Otretask" {vorpal, Dex+4}
rCold   . . .      Faith    .   c - +0 buckler
rNeg    . . .      Spirit   .   b - +0 swamp dragon scales
rPois   +          Reflect  +   (helmet restricted)
rElec   .          Harm     .   x - +0 cloak
rCorr   .          Rampage  .   w - +2 pair of gloves {Dex+3}
Will    .....      NoTele   +   m - +1 pair of boots
Stlth   ..........              z - amulet of reflection
HPRegen 0.42/turn               C - +6 ring of strength
MPRegen 0.16/turn               o - +2 ring of evasion

@: berserking, very quick
A: horns 2, retaliatory headbutt
a: Renounce Religion, Heroism, Finesse


You were in the Dungeon.
You worshipped Okawaru.
Okawaru was exalted by your worship.
You visited 1 branch You collected 1908 gold pieces.
You spent 1654 gold pieces at shops.

Inventory:

Hand Weapons
 a - the +4 morningstar "Otretask" (weapon) {vorpal, Dex+4}
   (Okawaru gifted it to you in the Dungeon)

   It inflicts extra damage upon your enemies.
   Dex:       It affects your dexterity (+4).
Missiles
 y - 6 silver javelins (quivered)
Armour
 b - +0 swamp dragon scales (worn)
 c - a +0 buckler (worn)
 m - a +1 pair of boots (worn)
 w - a +2 pair of gloves of dexterity (worn)
 x - a +0 cloak (worn)
Jewellery
 n - a ring of poison resistance
 o - a +2 ring of evasion (right hand)
 z - an amulet of reflection (around neck)
 C - a +6 ring of strength (left hand)
 D - a ring of fire
 E - a ring of protection from fire
 F - a ring of see invisible
Scrolls
 j - 5 scrolls of blinking
 k - 2 scrolls of amnesia
 r - a scroll of immolation
 s - 6 scrolls of enchant armour
 t - 3 scrolls of identify
 v - 3 scrolls of fog
 B - 3 scrolls of magic mapping
 H - a scroll of fear
Potions
 d - a potion of invisibility
 e - 8 potions of curing
 f - 8 potions of heal wounds
 g - 2 potions of haste
 h - 4 potions of magic
 p - a potion of might
 q - a potion of brilliance
 u - a potion of attraction
 A - 2 potions of mutation
 G - a potion of resistance


   Skills:
 + Level 18.7 Fighting
 + Level 20.4 Maces & Flails
 + Level 15.2 Armour
 + Level 9.7 Dodging
 + Level 2.9 Stealth
 + Level 13.9 Shields
 * Level 11.5 Invocations
 - Level 2.7 Evocations


You had 11 spell levels left.
You didn't know any spells.
Your spell library contained the following spells:

 Spells                   Type           Power      Damage    Failure   Level
 Shock                    Conj/Air       0%         1d3       56%         1
 Swiftness                Air            0%         N/A       90%         3
 Airstrike                Air            0%         N/A       100%        4


Dungeon Overview and Level Annotations

Branches:
Dungeon (1/1)

Altars:
Cheibriados
Dithmenos
Elyvilon
Fedhas
Gozag
Hepliaklqana
Kikubaaqudgha
Makhleb
Nemelex Xobeh
Okawaru
Qazlal
Ru
Sif Muna
Trog
Uskayaw
Vehumet
Wu Jian
Xom
Yredelemnul
Zin
The Shining One
Beogh
Jiyva
Lugonu

Shops:
D ?[!=


Innate Abilities, Weirdness & Mutations

You have a pair of horns on your head.
You reflexively headbutt those who attack you in melee.


Message History

The frost giant barely misses you.
A red film seems to cover your vision as you go berserk!
You feel yourself moving faster!
You feel mighty! You block the frost giant's attack.
You impale the frost giant!! You headbutt the frost giant!
The frost giant is heavily wounded.
You skewer the frost giant like a kebab!!!
You kill the frost giant!
Okawaru is honoured by your kill.
The great orb of eyes bites you but does no damage.
Things that are here:
a +2 battleaxe of freezing; a frost giant corpse You bludgeon the great orb of eyes!!
Your headbutt misses the great orb of eyes.
The great orb of eyes is heavily wounded.
The great orb of eyes bites you but does no damage.
You bludgeon the great orb of eyes!! You headbutt the great orb of eyes!
You kill the great orb of eyes!
Okawaru accepts your kill.
You hit the fire giant. You headbutt the fire giant.
The fire giant is lightly wounded.
You impale the fire giant!! You headbutt the fire giant.
The fire giant is heavily wounded.
The fire giant completely misses you. You furiously retaliate!
You headbutt the fire giant. You barely miss the fire giant.
The fire giant is severely wounded.
You puncture the fire giant! You headbutt the fire giant.
The fire giant is severely wounded.
The fire giant casts a spell at you.
The fireball explodes!
The fireball engulfs you!!!
* * * LOW HITPOINT WARNING * * *
The fireball engulfs the fire giant!
The fire giant resists.
You hear a horrible gurgling sound!
You impale the fire giant!!
You kill the fire giant!
Okawaru is honoured by your kill. The ice dragon breathes frost at you.
The blast of cold hits you!!!
You die...

..'..[[[...'()[.........†..†.....
▓▓▓▓▓▓▓▓▓▓▓▓▓▓▓▓▓▓▓▓▓▓▓▓▓▓▓▓▓▓▓▓▓
.................................
▓▓▓▓▓▓▓▓▓▓▓▓▓▓▓▓▓▓▓▓▓▓▓▓▓▓▓▓▓▓▓▓▓
.......'.....∩)∩)∩)∩)))))'.......
▓▓▓▓▓▓▓▓▓▓▓▓▓▓▓▓▓▓▓▓▓▓▓▓▓▓▓▓▓▓▓▓▓
.................................
▓▓▓▓▓▓▓▓▓▓▓▓▓▓▓▓▓▓▓▓▓▓▓▓▓▓▓▓▓▓▓▓▓
.....D)@[.)[.)'.........
▓▓▓▓▓▓▓▓▓▓▓▓▓▓▓▓▓▓▓▓▓▓▓▓


You could see an ice dragon (catching breath).

Vanquished Creatures
  A fire giant (D)
  A frost giant (D)
  A great orb of eyes (D)
  Erolcha (D)
  3 hydras (D)
  2 centaur warriors (D)
  A two-headed ogre (D)
  A deep troll earth mage (D)
  A deep troll shaman (D)
  A death yak (D)
  3 orc knights (D)
  7 orc sorcerers (D)
  A slime creature (D)
  An elephant (D)
  A manticore (D)
  4 cane toads (D)
  A gargoyle (D)
  An unseen horror (D)
  An efreet (D)
  A tengu conjurer (D)
  A tyrant leech (D)
  3 blink frogs (D)
  4 yaks (D)
  A wyvern (D)
  2 vampire mosquitoes (D)
  2 water moccasins (D)
  12 orc warriors (D)
  A black bear (D)
  A black bear (shapeshifter) (D)
  A boggart (D)
  6 bullfrogs (D)
  A scorpion (D)
  A killer bee (D)
  5 orc priests (D)
  2 hounds (D)
  An iguana (D)
  10 orc wizards (D)
  A dart slug (D)
  4 orcs (D)
  A bat zombie (D)
  A giant cockroach (D)
  A goblin (D)
  A ball python (D)
  A ball python skeleton (D)
  A frilled lizard (D)
99 creatures vanquished.

Notes
Turn   | Place    | Note
-------+----------+-------------------------------------------
     0 | D        | mhtbhm the Minotaur Fighter began the quest for the Orb.
     0 | D        | Reached XP level 1. HP: 19/19 MP: 0/0
   120 | D        | Noticed an iguana
   120 | D        | Noticed a scorpion
   120 | D        | Noticed a hound
   120 | D        | Noticed a hound
   124 | D        | Killed a hound
   125 | D        | Reached skill level 5 in Fighting
   125 | D        | Reached skill level 3 in Maces & Flails
   125 | D        | Reached skill level 5 in Armour
   125 | D        | Reached skill level 5 in Shields
   125 | D        | Reached XP level 2. HP: 23/29 MP: 1/1
   125 | D        | Reached XP level 3. HP: 29/36 MP: 2/2
   128 | D        | Reached skill level 4 in Maces & Flails
   128 | D        | Reached XP level 4. HP: 20/44 MP: 3/3
   131 | D        | Killed a scorpion
   132 | D        | Reached skill level 5 in Maces & Flails
   134 | D        | Reached skill level 1 in Dodging
   134 | D        | Reached XP level 5. HP: 21/52 MP: 4/4
   141 | D        | Found a snail-covered altar of Cheibriados.
   141 | D        | Found a shadowy altar of Dithmenos.
   141 | D        | Found a white marble altar of Elyvilon.
   141 | D        | Found a blossoming altar of Fedhas.
   141 | D        | Found an opulent altar of Gozag.
   142 | D        | Found a hazy altar of Hepliaklqana.
   143 | D        | Found a viscous altar of Jiyva.
   144 | D        | Found an ancient bone altar of Kikubaaqudgha.
   145 | D        | Found a corrupted altar of Lugonu.
   146 | D        | Found a burning altar of Makhleb.
   147 | D        | Found a sparkling altar of Nemelex Xobeh.
   148 | D        | Found an iron altar of Okawaru.
   149 | D        | Found a stormy altar of Qazlal.
   150 | D        | Found a sacrificial altar of Ru.
   151 | D        | Found a shimmering blue altar of Sif Muna.
   152 | D        | Found a bloodstained altar of Trog.
   153 | D        | Found a hide-covered altar of Uskayaw.
   154 | D        | Found a radiant altar of Vehumet.
   155 | D        | Found an ornate altar of the Wu Jian Council.
   156 | D        | Became a worshipper of Warmaster Okawaru
   157 | D        | Found a shimmering altar of Xom.
   158 | D        | Found a basalt altar of Yredelemnul.
   159 | D        | Found a glowing silver altar of Zin.
   160 | D        | Found a glowing golden altar of the Shining One.
   330 | D        | Noticed a two-headed ogre
   330 | D        | Noticed an orc warrior
   330 | D        | Noticed a wyvern
   333 | D        | Killed a wyvern
   334 | D        | Reached skill level 7 in Maces & Flails
   334 | D        | Reached XP level 6. HP: 43/62 MP: 5/5
   336 | D        | Killed an orc warrior
   336 | D        | Reached * piety under Okawaru
   337 | D        | Reached skill level 8 in Maces & Flails
   342 | D        | Killed a two-headed ogre
   343 | D        | Reached skill level 10 in Maces & Flails
   343 | D        | Reached skill level 10 in Shields
   343 | D        | Reached skill level 1 in Evocations
   343 | D        | Reached XP level 7. HP: 26/74 MP: 6/6
   343 | D        | Reached XP level 8. HP: 28/82 MP: 7/7
   574 | D        | Noticed a gargoyle
   574 | D        | Noticed a slime creature
   574 | D        | Noticed a tengu conjurer
   574 | D        | Noticed a slime creature
   577 | D        | Killed a tengu conjurer
   577 | D        | Reached ** piety under Okawaru
   578 | D        | Reached skill level 11 in Maces & Flails
   580 | D        | Killed an unseen horror
   588 | D        | Killed a large slime creature
   589 | D        | Reached skill level 12 in Maces & Flails
   593 | D        | Reached XP level 9. HP: 65/91 MP: 8/8
   595 | D        | Killed a gargoyle
   595 | D        | Reached *** piety under Okawaru
   596 | D        | Reached skill level 13 in Maces & Flails
   828 | D        | Noticed a four-headed hydra
   828 | D        | Noticed a cane toad
   828 | D        | Noticed a cane toad
   838 | D        | Reached skill level 1 in Invocations
   844 | D        | Killed a four-headed hydra
   845 | D        | Reached skill level 14 in Maces & Flails
   847 | D        | Reached **** piety under Okawaru
   848 | D        | Reached skill level 5 in Dodging
   854 | D        | Killed a cane toad
   861 | D        | Killed a cane toad
   864 | D        | Reached ***** piety under Okawaru
   865 | D        | Reached XP level 10. HP: 48/102 MP: 9/12
   867 | D        | Reached skill level 5 in Invocations
   868 | D        | Reached skill level 15 in Maces & Flails
  1095 | D        | Noticed a cane toad
  1095 | D        | Noticed an elephant
  1095 | D        | Noticed a seven-headed hydra
  1101 | D        | Noticed a death yak
  1104 | D        | Killed a seven-headed hydra
  1116 | D        | Killed an elephant
  1133 | D        | Killed a death yak
  1133 | D        | Received a gift from Okawaru
  1134 | D        | Reached skill level 16 in Maces & Flails
  1137 | D        | Killed a cane toad
  1363 | D        | Noticed a cane toad
  1370 | D        | Killed a cane toad
  1371 | D        | Reached skill level 17 in Maces & Flails
  1384 | D        | Reached skill level 15 in Fighting
  1390 | D        | Reached skill level 1 in Stealth
  1393 | D        | Reached XP level 11. HP: 62/112 MP: 15/15
  1623 | D        | Noticed Erolcha
  1630 | D        | Killed Erolcha
  1668 | D        | Noticed an orc knight
  1683 | D        | Killed an orc knight
  1683 | D        | Identified the +4 morningstar "Otretask" {vorpal, Dex+4}
                  | (Okawaru gifted it to you in the Dungeon)
  1683 | D        | Received a gift from Okawaru
  1684 | D        | Reached skill level 18 in Maces & Flails
  1845 | D        | Noticed an orc knight
  1870 | D        | Killed an orc knight
  2194 | D        | Found Qometoa's Jewellery Boutique.
  2194 | D        | Noticed an orc sorcerer
  2194 | D        | Noticed an orc sorcerer
  2194 | D        | Noticed an orc sorcerer
  2196 | D        | Killed an orc sorcerer
  2198 | D        | Noticed an orc sorcerer
  2199 | D        | Found Agerphas's Distillery.
  2205 | D        | Killed an orc sorcerer
  2206 | D        | Found Owous's Antique Armour Boutique.
  2212 | D        | Paralysed by an orc sorcerer for 7 turns
  2222 | D        | Killed an orc sorcerer
  2226 | D        | Noticed an orc sorcerer
  2226 | D        | Found Zanonk's Magic Scroll Shop.
  2228 | D        | Killed an orc sorcerer
  2228 | D        | Reached ****** piety under Okawaru
  2228 | D        | Noticed an orc sorcerer
  2229 | D        | Reached skill level 19 in Maces & Flails
  2231 | D        | Killed an orc sorcerer
  2231 | D        | Received a gift from Okawaru
  2235 | D        | Killed an orc sorcerer
  2236 | D        | Reached skill level 10 in Invocations
  2236 | D        | Noticed an orc sorcerer
  2245 | D        | Killed an orc sorcerer
  2313 | D        | Bought an amulet of reflection for 300 gold pieces
  2320 | D        | Bought a potion of mutation for 104 gold pieces
  2320 | D        | Bought a potion of heal wounds for 65 gold pieces
  2320 | D        | Bought a potion of curing for 39 gold pieces
  2320 | D        | Bought a potion of curing for 39 gold pieces
  2320 | D        | Bought a potion of mutation for 104 gold pieces
  2320 | D        | Bought a potion of heal wounds for 65 gold pieces
  2320 | D        | Bought a potion of heal wounds for 65 gold pieces
  2324 | D        | Bought 3 scrolls of magic mapping for 126 gold pieces
  2324 | D        | Bought a scroll of enchant armour for 90 gold pieces
  2324 | D        | Bought a scroll of fog for 24 gold pieces
  2324 | D        | Bought a scroll of identify for 24 gold pieces
  2324 | D        | Bought a scroll of identify for 24 gold pieces
  2330 | D        | Bought a +6 ring of strength for 585 gold pieces
  2631 | D        | Noticed an orc knight
  2631 | D        | Noticed a centaur warrior
  2631 | D        | Noticed a centaur warrior
  2636 | D        | Killed a centaur warrior
  2638 | D        | Noticed a five-headed hydra
  2639 | D        | Noticed a deep troll shaman
  2645 | D        | Noticed a deep troll earth mage
  2649 | D        | Killed a five-headed hydra
  2649 | D        | Killed a centaur warrior
  2650 | D        | Reached skill level 15 in Armour
  2650 | D        | Reached XP level 12. HP: 72/127 MP: 17/19
  2650 | D        | Noticed a frost giant
  2653 | D        | Identified the +0 pair of boots of Owiytu {rF++ Slay-4}
                  | (Okawaru gifted it to you in the Dungeon)
  2653 | D        | Received a gift from Okawaru
  2654 | D        | Reached skill level 20 in Maces & Flails
  2654 | D        | Noticed a great orb of eyes
  2655 | D        | Noticed a fire giant
  2661 | D        | Killed a deep troll shaman
  2666 | D        | Noticed an ice dragon
  2668 | D        | Killed a deep troll earth mage
  2673 | D        | Killed a frost giant
  2676 | D        | Killed a great orb of eyes
  2681 | D        | Killed a fire giant
  2681 | D        | Killed from afar by an ice dragon

Illustrated notes

Levels and vault maps discovered:
D:        linesprint [early_d, line_temple, items_1, d_10, items_2, lair_1,
          lair_end, items_3, orc_1, orc_end, items_4, d_15, swamp_1, shoals_1,
          snake_1, spider_1, d_20, vaults_1, items_5, swamp_end, shoals_end,
          snake_end, spider_end, vaults_end, d_27, items_6, zot_1, zot_end,
          crypt_end, forest_end, elf_end, slime_end, tomb_end, abyss_end,
          pan_hell_end]

Skill      XL: |  1  2  3  4  5  6  7  8  9 10 11 12 |
---------------+-------------------------------------+-----
Fighting       | 5 6 7 8 11 12 13 15 18 | 18.7
Armour         | 5 6 7 8 11 12 13 14 15 | 15.2
Shields        | 5 7 8 10 11 12 13 | 13.9
Maces & Flails | 3 4 5 7 10 12 14 17 19 20 | 20.4
Dodging        | 1 2 3 5 7 9 |  9.7
Evocations     | 1 2 |  2.7
Invocations    | 4 7 10 11 | 11.5
Stealth        | 1 2 |  2.9

Action                   |  1- 3 |  4- 6 |  7- 9 | 10-12 || total
-------------------------+-------+-------+-------+-------++-------
Melee: Flail             |    16 |     7 |       |       ||    23
       Headbutt          |     1 |     3 |    19 |    70 ||    93
       Morningstar       |       |     8 |    53 |   242 ||   303
Evoke: Wand              |       |     3 |     3 |     4 ||    10
  Use: Potion            |     1 |     1 |       |     5 ||     7
Armor: Scale mail        |     6 |     3 |       |       ||     9
       Ring mail         |       |     2 |    17 |    42 ||    61
       Swamp dragon scal |       |       |       |    16 ||    16
Dodge: Dodged            |     6 |     4 |    26 |    89 ||   125
Block: Buckler           |     5 |     2 |    10 |    66 ||    83
       Reflection        |       |       |       |     1 ||     1

Table legend: (Time is in decaauts)
 A = Elapsed time spent in this place.
 B = Non-inter-level travel time spent in this place.
 C = Inter-level travel time spent in this place.
 D = Time resting spent in this place.
 E = Time spent auto-exploring this place.
 F = Levels seen in this place.
 G = Mean time per level.
                   A        B        C        D        E       F      G
               +--------+--------+--------+--------+--------+-----+--------+
         Total |   2602 |   2602 |      0 |   1214 |    587 |   1 | 2602.0 |
       Dungeon |   2602 |   2602 |      0 |   1214 |    587 |   1 | 2602.0 |
               +--------+--------+--------+--------+--------+-----+--------+

Top non-repeatable levels by time:
       D: 2602 daAuts
